 Dungeon Crawl Stone Soup version 0.23.1-41-g7e51ed32d8 (webtiles) character file.

Game seed: 18361026572520188132

1820 Marnok the Poker (level 8, -1/61 HPs)
             Began as a Demonspawn Gladiator on Mar 30, 2019.
             Was a Believer of Yredelemnul.
             Shot with an arrow by a centaur (6 damage)
             ... on level 6 of the Dungeon.
             The game lasted 00:23:25 (4570 turns).

Marnok the Poker (Demonspawn Gladiator)             Turns: 4570, Time: 00:23:26

Health: -1/61      AC:  5    Str: 14    XL:     8   Next: 85%
Magic:  3/3        EV: 14    Int: 12    God:    Yredelemnul [**....]
Gold:   257        SH:  0    Dex: 15    Spells: 7/7 levels left

rFire    . . .     SeeInvis +   g - +1 spear (antimagic)
rCold    . . .     Gourm    .   (no shield)
rNeg     . . .     Faith    .   b - +0 leather armour
rPois    .         Spirit   .   c - +0 helmet
rElec    .         Reflect  .   r - +0 cloak
rCorr    .         Harm     .   (no gloves)
MR       .....                  (no boots)
Stlth    +++.......             l - amulet of regeneration
HPRegen  0.60/turn              p - ring of wizardry
MPRegen  0.08/turn              (no ring)

@: no status effects
A: claws 1, talons 2, see invisible, clever 1, nightstalker 1, weak 1
a: Animate Remains, Recall Undead Slaves, Injury Mirror, Renounce Religion


You were on level 6 of the Dungeon.
You worshipped Yredelemnul.
Yredelemnul was pleased with you.
You were not hungry.

You visited 1 branch of the dungeon, and saw 7 of its levels.

You collected 257 gold pieces.

Inventory:

Hand Weapons
 a - a +2 dagger of electrocution
 e - a +3 rapier of speed
 g - a +1 antimagic spear (weapon)
 o - a +2 quarterstaff of chaos
 x - a cursed -1 long sword
 y - a +4 short sword of speed
Missiles
 d - 5 throwing nets (quivered)
Armour
 b - a +0 leather armour (worn)
 c - a +0 helmet (worn)
 r - a +0 cloak (worn)
 A - a +1 robe of cold resistance
Magical Staves
 w - an uncursed staff of power {unknown}
Jewellery
 l - an amulet of regeneration (around neck)
 p - a ring of wizardry (left claw)
 v - an uncursed amulet of rage {unknown}
Wands
 h - a wand of acid (18)
 D - a wand of disintegration (11)
Scrolls
 n - 2 scrolls of remove curse
 q - a scroll of magic mapping
 s - a scroll of fog
 u - 3 scrolls of identify
Potions
 i - 4 potions of brilliance
 m - a potion of flight
Comestibles
 f - 18 rations
 k - 4 chunks of flesh


   Skills:
 + Level 4.9 Fighting
 + Level 5.6(6.1) Polearms
 + Level 3.4(5.0) Staves
 + Level 2.0 Throwing
 + Level 3.8 Armour
 + Level 5.0 Dodging
 + Level 3.8 Stealth
 + Level 2.1 Invocations


You had 7 spell levels left.
You didn't know any spells.
Your spell library was empty.

Dungeon Overview and Level Annotations

Branches:
Dungeon (7/15)             Temple (0/1) D:5

Altars:
Cheibriados
Dithmenos
Gozag
Qazlal
Yredelemnul
Zin

Annotations:
D:6 Edmund


Innate Abilities, Weirdness & Mutations

You have razor-sharp toenails.
You are slightly more attuned to the shadows.
You have sharp fingernails.
You have supernaturally acute eyesight. (SInv)
Your mind is acute. (Int +2)
You are weak. (Str -2)


Message History

You feel weaker.
Your fingernails lengthen.
Your vision sharpens.
You feel clever. Edmund barely misses you.
As you read the scroll labeled DOASKE KICZARR, it crumbles to dust.
You feel aware of your surroundings.
You sensed 1 altar.
It was a scroll of magic mapping.
The howler monkey hoots and howls with incredible vigour!
Edmund hits you with a +2 dire flail of protection!
You hit the howler monkey. You claw the howler monkey.
The howler monkey is heavily wounded.
The howler monkey closely misses you.
Edmund hits you with a +2 dire flail of protection!
* * * LOW HITPOINT WARNING * * *
The howler monkey hits you but does no damage.
The centaur shoots an arrow.
The arrow hits you!
* * * LOW HITPOINT WARNING * * *
You see here an arrow.
The centaur shoots an arrow.
The arrow hits you.
You die...
Your body rises from the dead as a mindless zombie.

....#.###.###**,......#,,,,,,****
....#'###.# **#.....#,,,,,,,,,,
###.......#####*#.....###.,,,,,,,
###Z......##...*#[........>,,,,,,
.........###...##.........,,,,,,*
...##+###.................,,,,,,*
...#,,,,,..........c......,,,,,,*
...#,,,,,,.........#####..,,,,,,,
####,,,,,,......@(.# *,.,,,,,,,
.,,,,,,,,,.##...##h#####..,,,,,,,
.,,,,,,,,,,*#...#.@a......*,,,,,,
.,,,,,,,,,,*#...#.........*,,,,,,
#***,,,,,,,*#...#.........*,,,,,,
****,,,**#...#.........,,,,,,,
*,,,* #...#.........****,** *,,,*
*,,,##.###.###* *,* *,,,*
*,,,*#.# *.# ***,**


You could see a centaur, a howler monkey and a worker ant.

Vanquished Creatures
  Grinder (D:3)
  Duvessa (D:5)
  An orc warrior (D:5)
  A sky beast (D:5)
  A phantom (D:5)
  An ogre (D:4)
  Blork the orc (D:6)
  A bullfrog (D:6)
  Dowan (D:5)
  A scorpion (D:6)
  A hound (D:5)
  A jelly (D:5)
  Crazy Yiuf (D:3)
  2 orc priests (D:3)
  2 bullfrog skeletons
  4 orc wizards
  Jessica (D:3)
  Natasha (D:4)
  Terence (D:3)
  An iguana (D:4)
  A worker ant (D:5)
  10 gnolls
  A howler monkey skeleton (D:5)
  3 adders
  A shadow imp (D:5)
  An ooze (D:2)
  2 worms (D:2)
  3 dart slugs
  3 leopard geckos
  23 orcs
  3 ball pythons
  2 giant cockroaches
  8 goblins
  3 hobgoblins
  6 jackals
  2 quokkas
  8 bats
  6 frilled lizards
  6 kobolds
  A leopard gecko zombie (D:4)
  A quokka zombie (D:5)
  8 rats
  A fungus (D:3)
128 creatures vanquished.

Vanquished Creatures (collateral kills)
  Eustachio (D:5)
  An ogre (D:6)
  A wight (D:6)
  Natasha (D:4)
  An adder (D:5)
  A jackal (D:6)
6 creatures vanquished.

Vanquished Creatures (others)
  An ogre zombie (D:6)
  An elf zombie (D:5)
  A scorpion zombie (D:6)
  A gnoll zombie (D:5)
  A ball python zombie (D:5)
  2 orc zombies
  4 toadstools (D:1)
11 creatures vanquished.

Grand Total: 145 creatures vanquished

Notes
Turn   | Place    | Note
-------+----------+-------------------------------------------
     0 | D:1      | Marnok the Demonspawn Gladiator began the quest for the
                  | Orb.
     0 | D:1      | Reached XP level 1. HP: 16/16 MP: 1/1
    35 | D:1      | Gained mutation: You have sharp toenails. [demonic
                  | ancestry]
    35 | D:1      | Reached XP level 2. HP: 19/22 MP: 2/2
   506 | D:2      | Found a glowing silver altar of Zin.
   536 | D:2      | Gained mutation: You have razor-sharp toenails. [demonic
                  | ancestry]
   536 | D:2      | Reached XP level 3. HP: 27/27 MP: 1/3
  1023 | D:2      | Reached XP level 4. HP: 22/34 MP: 1/4
  1116 | D:2      | Found a basalt altar of Yredelemnul.
  1116 | D:2      | Found an opulent altar of Gozag.
  1127 | D:2      | Reached skill level 1 in Polearms
  1127 | D:2      | Reached skill level 1 in Armour
  1141 | D:2      | Became a worshipper of Yredelemnul the Dark
  1238 | D:3      | Noticed Terence
  1238 | D:3      | Noticed Grinder
  1258 | D:3      | Killed Terence
  1275 | D:3      | Killed Grinder
  1275 | D:3      | Reached skill level 1 in Stealth
  1275 | D:3      | Reached XP level 5. HP: 24/41 MP: 1/5
  1275 | D:3      | Gained mutation: You are slightly more attuned to the
                  | shadows. [demonic ancestry]
  1275 | D:3      | Reached XP level 6. HP: 28/47 MP: 2/6
  1345 | D:3      | Found a stormy altar of Qazlal.
  1355 | D:3      | Noticed Jessica
  1361 | D:3      | Killed Jessica
  1506 | D:3      | Found a shadowy altar of Dithmenos.
  1863 | D:3      | Reached * piety under Yredelemnul
  2198 | D:3      | Reached XP level 7. HP: 48/52 MP: 2/7
  2437 | D:3      | Found a runed translucent door.
  2438 | D:3      | Noticed Crazy Yiuf
  2451 | D:3      | Killed Crazy Yiuf
  2711 | D:4      | Noticed Natasha
  2721 | D:4      | Killed Natasha
  3075 | D:4      | Noticed Natasha
  3084 | D:4      | Killed Natasha
  3154 | D:5      | Entered Level 5 of the Dungeon
  3173 | D:5      | Found a staircase to the Ecumenical Temple.
  3204 | D:5      | Found a snail-covered altar of Cheibriados.
  3204 | D:5      | Noticed Duvessa
  3212 | D:5      | Noticed Dowan
  3229 | D:5      | Killed Duvessa
  3235 | D:5      | Killed Dowan
  3265 | D:5      | Noticed Eustachio
  3278 | D:5      | Killed Eustachio
  3278 | D:5      | Reached skill level 1 in Invocations
  3288 | D:5      | Reached XP level 8. HP: 40/60 MP: 2/8
  3461 | D:6      | Noticed Blork the orc
  3808 | D:5      | Your ally Duvessa died
  3888 | D:5      | Reached ** piety under Yredelemnul
  4091 | D:5      | Reached skill level 5 in Polearms
  4210 | D:6      | Killed Blork the orc
  4407 | D:6      | Reached skill level 5 in Dodging
  4516 | D:6      | HP: 2/61 [bullfrog (6)]
  4556 | D:6      | Noticed Edmund
  4565 | D:6      | Gained mutation: You are weak. (Str -2) [potion of
                  | mutation]
  4565 | D:6      | Gained mutation: You have sharp fingernails. [potion of
                  | mutation]
  4565 | D:6      | Gained mutation: You have supernaturally acute eyesight.
                  | (SInv) [potion of mutation]
  4565 | D:6      | Gained mutation: Your mind is acute. (Int +2) [potion of
                  | mutation]
  4570 | D:6      | Shot with an arrow by a centaur

Skill      XL: |  1  2  3  4  5  6  7  8 |
---------------+-------------------------+-----
Throwing       | 2 |  2.0
Dodging        | 3 4 5 |  5.0
Staves         | 3 |  3.4
Polearms       | 2 3 4 5 |  5.6
Armour         | 2 3 |  3.8
Fighting       | 3 4 |  4.9
Stealth        | 1 2 3 |  3.8
Invocations    | 1 2 |  2.1

Action                   |  1- 3 |  4- 6 |  7- 9 || total
-------------------------+-------+-------+-------++-------
Melee: Quarterstaff      |    49 |       |       ||    49
       Kick              |    26 |    32 |    97 ||   155
       Spear             |    63 |   147 |   305 ||   515
Invok: Animate Remains   |       |       |     9 ||     9
  Use: Scroll            |     4 |     3 |     6 ||    13
       Potion            |     1 |     3 |     8 ||    12
 Stab: Sleeping          |     2 |     9 |    10 ||    21
  Eat: Chunk             |       |     4 |     7 ||    11
       Ration            |       |       |     1 ||     1
Armor: Leather armour    |    30 |    11 |    40 ||    81
Dodge: Dodged            |    85 |    93 |   168 ||   346
